Selects Airborne Battlegroup
Selects Heavy Machine Gun Paradrop
Heavy Machine Gun Paradrop
Selects Paratrooper Squad Paradrop
Paratrooper Squad Paradrop
Construct Medical Station
Paratrooper Squad Paradrop
Heavy Machine Gun Paradrop
Mechanized Support Center
Selects Anti-tank Gun Team Paradrop
Designate Forward Repair Station
Heavy Machine Gun Paradrop
Designate Forward Repair Station
Construct Weapon Support Center
M4A1(76) Sherman Medium Tank
Selects Carpet Bombing Run
M4A1(76) Sherman Medium Tank
Paratrooper Squad Paradrop
Anti-tank Gun Team Paradrop
Improved M9 Bazooka Rockets
Construct Medical Station
M4A1(76) Sherman Medium Tank
Paratrooper Squad Paradrop
Paratrooper Squad Paradrop
M4A1(76) Sherman Medium Tank
M4A1(76) Sherman Medium Tank
Designate Forward Repair Station